 Dungeon Crawl Stone Soup version 0.28.0-53-g5a82cb258f (webtiles) character file.

Game seed: 17260466694785867392

139941 MisterFreud the Covert (level 17, -3/137 HPs)
             Began as a Gnoll Delver on June 27, 2022.
             Was the Champion of Elyvilon.
             Slain by a spriggan druid
             ... wielding a +0 quarterstaff
              (7 damage)
             ... while paralysed by a fenstrider witch
             ... on level 4 of the Swamp.
             The game lasted 00:53:38 (25019 turns).

MisterFreud the Covert (Gnoll Delver)              Turns: 25019, Time: 00:53:39

Health: -3/137     AC: 27    Str: 11    XL:     17   Next: 29%
Magic:  32/32      EV:  2    Int: 22    God:    Elyvilon [******]
Gold:   2568       SH:  0    Dex: 19    Spells: 28/39 levels left

rFire   + . .      SeeInvis .   u - +7 flail of Symmetry {spect, rF+}
rCold   . . .      Faith    .   U - +18 shield of the Gong {rElec rN+ Will+ EV-5}
rNeg    + . .      Spirit   .   V - +0 swamp dragon scales
rPois   +          Reflect  .   f - +2 helmet
rElec   +          Harm     .   (no cloak)
rCorr   .          Rampage  .   q - +2 pair of gloves {Dex+3}
Will    ++...      Rnd*Tele +   a - +0 pair of boots "Olier" {Int+6 Slay+3}
Stlth   +++++.....              D - amulet of regeneration
HPRegen 1.12/turn               b - +4 ring of protection
MPRegen 0.23/turn               O - +4 ring of protection

@: paralysed, lethally poisoned (-3 -> -7)
A: fangs 1, strong nose, distributed training, teleportitis 1
a: Renounce Religion, Purification, Heal Other, Heal Self, Divine Vigour


You were on level 4 of the Swamp.
You worshipped Elyvilon.
Elyvilon was exalted by your worship.
You visited 6 branches of the dungeon, and saw 29 of its levels.
You also visited: Ossuary, Gauntlet and Ice Cave.

You collected 2568 gold pieces.

Inventory:

Hand Weapons
 u - the +7 flail of Symmetry (weapon) {spect, rF+}
   (You found it on level 4 of the Dungeon)

   When its wielder attacks, the weapon's spirit leaps out and strikes again.
   The spirit shares a part of any damage it takes with its wielder.
   rF:        It protects you from fire.
 H - a +1 scimitar of electrocution
 T - the +2 war axe of Discomfort {elec, rElec Str+2 Int-5 Dex+3}
   (You found it on level 10 of the Dungeon)

   It occasionally discharges a powerful burst of electricity upon striking a
   foe.
   Str:       It affects your strength (+2).
   Int:       It affects your intelligence (-5).
   Dex:       It affects your dexterity (+3).
   rElec:     It insulates you from electricity.
Missiles
 n - 22 poisoned darts (quivered)
 v - 3 curare-tipped darts
 A - a throwing net
 E - 15 javelins
 N - 11 boomerangs
Armour
 a - the +0 pair of boots "Olier" (worn) {Int+6 Slay+3}
   (You found it in a Gauntlet)

   Int:       It affects your intelligence (+6).
   Slay:      It affects your accuracy & damage with ranged weapons and melee
   (+3).
 f - a +2 helmet (worn)
 o - the +4 scale mail of the Grand Dragon {rElec rF+ Regen+ Str+3}
   (You took it off a minotaur in a Gauntlet)

   Str:       It affects your strength (+3).
   rF:        It protects you from fire.
   rElec:     It insulates you from electricity.
   Regen:     It increases your rate of health regeneration.
 q - a +2 pair of gloves of dexterity (worn)
 U - the +18 shield of the Gong (worn) {rElec rN+ Will+ EV-5}
   (You found it on level 10 of the Dungeon)

   It is deafeningly noisy when blocking attacks.
   EV:        It affects your evasion (-5).
   rElec:     It insulates you from electricity.
   rN:        It protects you from negative energy.
   Will:      It increases your willpower.
 V - +0 swamp dragon scales (worn)
Jewellery
 b - a +4 ring of protection (left hand)
 h - a ring of wizardry
 D - an amulet of regeneration (around neck)
 O - a +4 ring of protection (right hand)
Wands
 g - a wand of digging (14)
 r - a wand of mindburst (8)
 s - a wand of iceblast (28)
 x - a wand of polymorph (33)
 B - a wand of charming (12)
 C - a wand of paralysis (13)
 F - a wand of flame (95)
 M - a wand of acid (17)
Scrolls
 c - 6 scrolls of fog
 d - 2 scrolls of magic mapping
 e - 5 scrolls of fear
 j - 10 scrolls of blinking
 k - 8 scrolls of amnesia
 p - 8 scrolls of teleportation
 t - a scroll of brand weapon
 y - 2 scrolls of enchant weapon
 J - a scroll of silence
 L - 4 scrolls of identify
 X - 2 scrolls of holy word
Potions
 i - 3 potions of haste
 l - a potion of invisibility
 m - a potion of heal wounds
 w - 2 potions of curing
 z - 6 potions of flight
 G - 2 potions of resistance
 I - 5 potions of ambrosia
 K - a potion of berserk rage
 P - 4 potions of brilliance
 Q - 4 potions of mutation
 R - 4 potions of cancellation
 W - 2 potions of magic
 Z - 5 potions of might
Miscellaneous
 S - a phial of floods
 Y - a tin of tremorstones (2/2)


   Skills:
 + Level 13.2 Fighting
 + Level 12.4 Short Blades
 + Level 11.5 Long Blades
 + Level 11.5 Axes
 + Level 11.5 Maces & Flails
 + Level 11.5 Polearms
 + Level 11.5 Staves
 + Level 11.5 Slings
 + Level 11.5 Bows
 + Level 11.5 Crossbows
 + Level 11.5 Throwing
 + Level 11.5 Armour
 + Level 12.4 Dodging
 + Level 14.7 Stealth
 + Level 11.5 Shields
 + Level 11.5 Unarmed Combat
 + Level 11.5 Spellcasting
 + Level 9.8 Conjurations
 + Level 9.8 Hexes
 + Level 9.8 Summonings
 + Level 9.8 Necromancy
 + Level 9.8 Translocations
 + Level 9.8 Transmutations
 + Level 9.8 Fire Magic
 + Level 9.8 Ice Magic
 + Level 9.8 Air Magic
 + Level 9.8 Earth Magic
 + Level 9.8 Poison Magic
 + Level 12.5 Invocations
 + Level 11.5 Evocations


You had 28 spell levels left.
You knew the following spells:

 Your Spells              Type           Power      Damage    Failure   Level
a - Tukima's Dance        Hex            54%        N/A       1%          3
b - Passwall              Tmut/Erth      45%        N/A       1%          2
c - Blink                 Tloc           100%       N/A       1%          2
d - Summon Lightning Spi  Summ/Air       54%        N/A       3%          4

Your spell library contained the following spells:

 Spells                   Type           Power      Damage    Failure   Level
 Animate Skeleton         Necr           100%       N/A       1%          1
 Beastly Appendage        Tmut           100%       N/A       1%          1
 Magic Dart               Conj           100%       1d8       1%          1
 Pain                     Necr           100%       1d9       1%          1
 Slow                     Hex            100%       N/A       1%          1
 Ensorcelled Hibernation  Hex/Ice        100%       N/A       1%          2
 Searing Ray              Conj           100%       2d8       1%          2
 Static Discharge         Conj/Air       54%        N/A       1%          2
 Wereblood                Tmut           54%        N/A       1%          2
 Confusing Touch          Hex            54%        N/A       1%          3
 Gell's Gravitas          Tloc           54%        N/A       1%          3
 Lesser Beckoning         Tloc           54%        N/A       1%          3
 Portal Projectile        Hex/Tloc       100%       N/A       1%          3
 Spider Form              Tmut/Pois      54%        N/A       1%          3
 Stone Arrow              Conj/Erth      100%       3d13      1%          3
 Swiftness                Air            54%        N/A       1%          3
 Teleport Other           Tloc           54%        N/A       1%          3
 Vampiric Draining        Necr           54%        2d9       1%          3
 Airstrike                Air            27%        N/A       3%          4
 Anguish                  Hex/Necr       27%        N/A       3%          4
 Animate Armour           Summ/Erth      100%       N/A       3%          4
 Cause Fear               Hex            27%        N/A       3%          4
 Dispel Undead            Necr           54%        3d20      3%          4
 Fulminant Prism          Conj/Hex       27%        3d14      3%          4
 Ice Form                 Ice/Tmut       54%        N/A       3%          4
 Sticky Flame             Conj/Fire      54%        2d7       3%          4
 Summon Ice Beast         Ice/Summ       54%        N/A       3%          4
 Blade Hands              Tmut           27%        N/A       11%         5
 Excruciating Wounds      Necr           27%        N/A       11%         5
 Fireball                 Conj/Fire      27%        3d12      11%         5
 Iskenderun's Battlesphe  Conj           54%        2d10      11%         5
 Lightning Bolt           Conj/Air       27%        1d43      11%         5
 Manifold Assault         Tloc           54%        N/A       11%         5
 Summon Mana Viper        Hex/Summ       54%        N/A       11%         5
 Conjure Ball Lightning   Conj/Air       27%        3x3d8     50%         6
 Dispersal                Tloc           27%        N/A       50%         6
 Enfeeble                 Hex            27%        N/A       97%         7
 Malign Gateway           Summ/Tloc      27%        N/A       97%         7
 Monstrous Menagerie      Summ           27%        N/A       97%         7
 Orb of Destruction       Conj           27%        9d9       97%         7
 Discord                  Hex            27%        N/A       100%        8
 Disjunction              Tloc           27%        N/A       100%        8
 Lehudib's Crystal Spear  Conj/Erth      27%        10d7      100%        8


Dungeon Overview and Level Annotations

Branches:
Dungeon (15/15)            Temple (0/1) D:6            Lair (6/6) D:9
  Swamp (4/4) Lair:4       Spider (1/4) Lair:3        Slime (0/5) Lair:6
    Orc (2/2) D:12            Elf (0/3) Orc:2        Vaults (0/5) D:14
 Depths (1/4) D:15        Ossuary (visited)           IceCv (visited)
Gauntlet (visited)

Altars:
Elyvilon
Fedhas
Makhleb
Nemelex Xobeh
Qazlal
Vehumet
Jiyva

Shops:
D:5 [   Orc:2 *[=

Annotations:
D:7 3 runed translucent doors, MalarOregon's ghost, novice PaFi
D:11 3 runed translucent doors
Lair:2 3 runed translucent doors, shugdite's ghost, journeyman MiFi
Swamp:1 3 runed translucent doors, Gokhumny's ghost, adept GnFi


Innate Abilities, Weirdness & Mutations

You have very sharp teeth.
Your uncanny sense of smell can sniff out nearby items.
Your experience applies equally to all skills.
You are occasionally teleported next to monsters.


Message History

You are hit by a branch!
The fenstrider witch casts a spell at you.
You easily resist.
The spriggan druid hits you with a +0 quarterstaff!
A tree reaches out and hits you!
The fenstrider witch casts a spell at you.
The toxic sludge hits you but does no damage.
You are poisoned.
Splash!
You fall into the toxic bog.
Moving in this stuff is going to be slow.
A tyrant leech comes into view.
The spriggan druid hits you with a +0 quarterstaff!
The fenstrider witch points at you and mumbles some strange words.
You easily resist.
You fester in the toxic bog.
You partially resist.
You are more poisoned.
You feel very sick. A root smacks you from below.
The spriggan druid hits you with a +0 quarterstaff!
* * * LOW HITPOINT WARNING * * *
The fenstrider witch casts a spell at you.
You easily resist.
You fester in the toxic bog.
You partially resist.
You are more poisoned.
You feel very sick. A root smacks you from below!
* * * LOW HITPOINT WARNING * * *
The fenstrider witch hits you but does no damage.
The fenstrider witch kicks you.
* * * LOW HITPOINT WARNING * * *
The spriggan druid hits you with a +0 quarterstaff.
* * * LOW HITPOINT WARNING * * *
* * * LOW HITPOINT WARNING * * *
You feel very sick. A tree reaches out and hits you!
Elyvilon protects you from harm! The fenstrider witch hits you!
Elyvilon protects you from harm!
The fenstrider witch completely misses you.
The spriggan druid hits you with a +0 quarterstaff!
You die...

♣♣♣♣♣♣♣♣
♣...≈≈.♣
♣≈≈.≈§.♣
♣♣†≈≈...♣
♣≈@..≈≈.♣
♣Hi≈≈≈≈≈..
≈.≈.§≈§≈≈$)
.≈§≈.≈≈≈≈≈.≈≈
≈..w≈§..≈≈≈≈≈≈≈
≈≈≈......≈≈≈≈≈≈
≈..♣♣♣...≈≈≈≈≈≈
..≈ [≈≈..≈≈≈≈.


You could see a fenstrider witch, a tyrant leech and a spriggan druid.

Vanquished Creatures
  Rupert (D:15)
  Kirke (D:11)
  Donald (Swamp:1)
  A fenstrider witch (Swamp:3)
  Louise (Swamp:1)
  3 ghouls
  2 eleionomae (Swamp:2)
  The ghost of Manslay the Thaumaturge, a journeyman OpCj of Sif Muna (Lair:5)
  A minotaur (Gauntlet)
  3 bunyips
  2 fire dragons
  The ghost of hurston the Protected, a journeyman GrFi of Gozag (D:11)
  4 boulder beetles
  16 hydras
  An ice dragon (D:15)
  2 catoblepae (Lair:6)
  4 ogre magi (Orc:2)
  5 centaur warriors
  A death knight (D:14)
  Erica (Lair:1)
  6 alligators
  15 two-headed ogres
  A tengu warrior (D:15)
  9 death yaks
  2 skeletal warriors (D:14)
  3 goliath frogs
  3 large abominations (Gauntlet)
  2 spriggan druids
  A death drake (Swamp:2)
  An orange crystal statue (D:11)
  A deep troll (D:14)
  A lindwurm (Lair:2)
  5 swamp dragons
  4 bog bodies
  A necromancer (D:14)
  4 orc knights
  14 ugly things
  3 oklob plants
  A moth of wrath (Gauntlet)
  A manticore (D:14)
  3 orc sorcerers
  2 will-o-the-wisps
  3 cyclopes
  6 elephants (Lair:5)
  13 black mambas
  2 rime drakes
  19 cane toads
  Maggie (D:10)
  An unseen horror (D:11)
  A tengu conjurer (D:14)
  7 komodo dragons
  4 freezing wraiths
  A polar bear (Lair:3)
  4 tyrant leeches
  Prince Ribbit (D:8)
  10 trolls
  28 blink frogs
  9 hornets
  3 slime creatures (D:14)
  Grinder (D:5)
  2 jumping spiders (Lair:3)
  9 spriggans
  A meliai zombie (D:10)
  A dream sheep (Lair:1)
  2 centaur simulacra (Gauntlet)
  A vampire (D:12)
  5 wraiths
  43 yaks
  2 shadows (D:13)
  5 water elementals (D:13)
  6 wyverns
  4 basilisks
  3 hogs (D:11)
  Eustachio (D:6)
  5 steam dragons
  A redback (Lair:3)
  2 death yak simulacra
  12 vampire mosquitoes
  15 swamp worms
  2 wargs (Orc:2)
  5 small abominations (Gauntlet)
  An acid dragon (D:12)
  14 water moccasins
  3 black bears (D:7)
  A meliai simulacrum (Gauntlet)
  26 orc warriors
  A swamp drake (Swamp:2)
  2 ice beasts
  5 necrophages
  A sky beast (D:6)
  8 centaurs
  35 ogres
  27 wolves
  A phantom (D:5)
  22 bullfrogs
  2 cane toad simulacra
  2 gnoll sergeants
  A water moccasin zombie (D:5)
  A wyvern skeleton (D:6)
  3 elephant simulacra
  11 electric eels
  6 howler monkeys
  13 centaur zombies
  2 bullfrog skeletons
  3 hounds
  A wyvern simulacrum (Gauntlet)
  2 gnoll shamans
  19 orc priests
  2 centaur skeletons
  2 iguanas
  A jelly (D:4)
  Jessica (D:2)
  Natasha (D:3)
  Terence (D:2)
  28 orc wizards
  A spriggan simulacrum (IceCv)
  A killer bee zombie (D:9)
  A polar bear simulacrum (IceCv)
  A wolf simulacrum (IceCv)
  5 mummies (Ossuary)
  10 adders
  28 gnolls
  A shadow imp (D:7)
  A white imp (D:6)
  An ufetubus (IceCv)
  2 dart slugs
  A worm (D:3)
  89 orcs
  4 endoplasms
  2 giant cockroaches
  2 gnoll zombies (Ossuary)
  5 goblins
  4 hobgoblins
  4 jackals (D:3)
  3 kobolds
  6 quokkas
  8 ball pythons
  3 bats
  2 frilled lizards (D:3)
  A goblin zombie (Ossuary)
  2 kobold zombies (Ossuary)
  2 rats
815 creatures vanquished.

Vanquished Creatures (others)
  A spriggan (Swamp:2)
  A tengu conjurer (D:15)
  A hornet (Swamp:2)
  3 bloated husks
  A wyvern zombie (D:7)
  A howler monkey skeleton (D:7)
  10 foxfires
  36 fungi
  137 plants
  A withered plant (D:14)
192 creatures vanquished.

Grand Total: 1007 creatures vanquished

Notes
Turn   | Place    | Note
-------+----------+-------------------------------------------
     0 | D:5      | Reached skill level 9 in Stealth
     0 | D:5      | MisterFreud the Gnoll Delver began the quest for the Orb.
     0 | D:5      | Reached XP level 1. HP: 23/23 MP: 1/1
    15 | D:6      | Noticed a gnoll shaman
    43 | D:5      | Reached XP level 2. HP: 10/29 MP: 2/2
   201 | D:5      | Noticed a howler monkey
   202 | D:5      | Noticed an ogre
   209 | D:5      | Noticed an ogre
   229 | D:4      | Noticed a necrophage
   273 | D:4      | Noticed a steam dragon
   276 | D:4      | Killed a steam dragon
   277 | D:4      | Reached skill level 1 in Long Blades
   277 | D:4      | Reached skill level 1 in Axes
   277 | D:4      | Reached skill level 1 in Maces & Flails
   277 | D:4      | Reached skill level 1 in Polearms
   277 | D:4      | Reached skill level 1 in Staves
   277 | D:4      | Reached skill level 1 in Slings
   277 | D:4      | Reached skill level 1 in Bows
   277 | D:4      | Reached skill level 1 in Crossbows
   277 | D:4      | Reached skill level 1 in Throwing
   277 | D:4      | Reached skill level 1 in Armour
   277 | D:4      | Reached skill level 1 in Shields
   277 | D:4      | Reached skill level 1 in Unarmed Combat
   277 | D:4      | Reached skill level 1 in Spellcasting
   277 | D:4      | Reached skill level 1 in Conjurations
   277 | D:4      | Reached skill level 1 in Hexes
   277 | D:4      | Reached skill level 1 in Summonings
   277 | D:4      | Reached skill level 1 in Necromancy
   277 | D:4      | Reached skill level 1 in Translocations
   277 | D:4      | Reached skill level 1 in Transmutations
   277 | D:4      | Reached skill level 1 in Fire Magic
   277 | D:4      | Reached skill level 1 in Ice Magic
   277 | D:4      | Reached skill level 1 in Air Magic
   277 | D:4      | Reached skill level 1 in Earth Magic
   277 | D:4      | Reached skill level 1 in Poison Magic
   277 | D:4      | Reached skill level 1 in Invocations
   277 | D:4      | Reached skill level 1 in Evocations
   277 | D:4      | Reached XP level 3. HP: 11/35 MP: 2/5
   277 | D:4      | Reached XP level 4. HP: 13/41 MP: 2/6
   277 | D:4      | Reached XP level 5. HP: 15/47 MP: 2/7
   471 | D:5      | Noticed an ogre
   478 | D:5      | HP: 2/47 [poisoned by an adder]
  1449 | D:1      | Found a faded altar of an unknown god.
  1586 | D:1      | Prayed at the altar of an unknown god.
  1586 | D:1      | Became a worshipper of Elyvilon the Healer
  1586 | D:1      | Reached * piety under Elyvilon
  1810 | D:2      | Noticed Jessica
  1815 | D:2      | Killed Jessica
  1816 | D:2      | Reached XP level 6. HP: 53/53 MP: 8/8
  1947 | D:2      | Noticed Terence
  1972 | D:2      | Killed Terence
  2409 | D:3      | Reached skill level 5 in Short Blades
  2409 | D:3      | Reached skill level 5 in Dodging
  2552 | D:3      | Reached ** piety under Elyvilon
  3122 | D:3      | Noticed Natasha
  3124 | D:3      | Killed Natasha
  3494 | D:4      | Reached XP level 7. HP: 59/59 MP: 10/10
  3700 | D:4      | Identified the +7 flail of Symmetry {spect, rF+}
  3762 | D:4      | Reached *** piety under Elyvilon
  4241 | D:5      | Reached skill level 10 in Stealth
  4303 | D:5      | Reached XP level 8. HP: 29/67 MP: 12/12
  4310 | D:5      | Gained mutation: You are occasionally teleported next to
                  | monsters. [potion of mutation]
  4310 | D:5      | Elyvilon protects you from harm!
  4313 | D:5      | HP: 3/67 [poisoned by a gnoll]
  4812 | D:5      | Noticed Grinder
  4818 | D:5      | Killed Grinder
  4883 | D:5      | Found Tunuka Vuman's Antique Armour Emporium.
  4912 | D:5      | Found a sparkling altar of Nemelex Xobeh.
  5409 | D:6      | Reached XP level 9. HP: 72/72 MP: 14/14
  5469 | D:6      | Reached **** piety under Elyvilon
  5486 | D:6      | Found a staircase to the Ecumenical Temple.
  6332 | D:6      | Noticed Eustachio
  6391 | D:6      | Killed Eustachio
  6442 | D:7      | Found a sand-covered staircase.
  6446 | Ossuary  | Entered an ossuary
  6741 | D:7      | Reached skill level 5 in Invocations
  6761 | D:7      | Found a runed translucent gate.
  6761 | D:7      | Found a runed translucent gate.
  6761 | D:7      | Noticed an efreet
  6787 | D:7      | Noticed MalarOregon's ghost (novice PaFi)
  6788 | D:7      | Found a runed translucent gate.
  6795 | D:7      | Noticed a two-headed ogre
  7025 | D:7      | Reached ***** piety under Elyvilon
  7210 | D:7      | Reached XP level 10. HP: 75/80 MP: 17/17
  7354 | D:8      | Reached skill level 5 in Long Blades
  7354 | D:8      | Reached skill level 5 in Axes
  7354 | D:8      | Reached skill level 5 in Maces & Flails
  7354 | D:8      | Reached skill level 5 in Polearms
  7354 | D:8      | Reached skill level 5 in Staves
  7354 | D:8      | Reached skill level 5 in Slings
  7354 | D:8      | Reached skill level 5 in Bows
  7354 | D:8      | Reached skill level 5 in Crossbows
  7354 | D:8      | Reached skill level 5 in Throwing
  7354 | D:8      | Reached skill level 5 in Armour
  7354 | D:8      | Reached skill level 5 in Shields
  7354 | D:8      | Reached skill level 5 in Unarmed Combat
  7354 | D:8      | Reached skill level 5 in Spellcasting
  7354 | D:8      | Reached skill level 5 in Evocations
  7708 | D:8      | Noticed Prince Ribbit
  7716 | D:8      | Killed Prince Ribbit
  7783 | D:8      | Identified a scroll of acquirement
  7783 | D:8      | Acquired a +1 scimitar of electrocution
  7832 | D:9      | Reached skill level 11 in Stealth
  8351 | D:9      | Found a staircase to the Lair.
  8424 | D:10     | Entered Level 10 of the Dungeon
  8500 | D:10     | Reached XP level 11. HP: 51/87 MP: 19/19
  8656 | D:10     | Identified the +2 war axe of Discomfort {elec, rElec Str+2
                  | Int-5 Dex+3}
  8799 | D:10     | Found the +18 shield of the Gong {rElec rN+ Will+ EV-5}
  8802 | D:10     | Noticed Maggie
  8815 | D:10     | Killed Maggie
  8816 | D:10     | Reached skill level 5 in Conjurations
  8816 | D:10     | Reached skill level 5 in Hexes
  8816 | D:10     | Reached skill level 5 in Summonings
  8816 | D:10     | Reached skill level 5 in Necromancy
  8816 | D:10     | Reached skill level 5 in Translocations
  8816 | D:10     | Reached skill level 5 in Transmutations
  8816 | D:10     | Reached skill level 5 in Fire Magic
  8816 | D:10     | Reached skill level 5 in Ice Magic
  8816 | D:10     | Reached skill level 5 in Air Magic
  8816 | D:10     | Reached skill level 5 in Earth Magic
  8816 | D:10     | Reached skill level 5 in Poison Magic
  9395 | D:11     | Reached ****** piety under Elyvilon
  9416 | D:11     | Found a runed translucent door.
  9457 | D:11     | Found a runed translucent door.
  9462 | D:11     | Noticed a two-headed ogre
  9473 | D:11     | Found a runed translucent door.
  9594 | D:11     | Found a runed translucent door.
  9750 | D:11     | Noticed a two-headed ogre
  9757 | D:11     | Killed a two-headed ogre
  9885 | D:11     | Found a runed translucent door.
  9915 | D:11     | Noticed hurston's ghost (journeyman GrFi)
 10311 | D:11     | Killed hurston's ghost
 10363 | D:11     | Noticed an orange crystal statue
 10376 | D:11     | Noticed a four-headed hydra
 10379 | D:11     | Killed an orange crystal statue
 10385 | D:11     | Killed a two-headed ogre
 10541 | D:12     | Found a staircase to the Orcish Mines.
 10555 | D:12     | Noticed a two-headed ogre
 10565 | D:12     | Killed a two-headed ogre
 10566 | D:12     | Reached XP level 12. HP: 54/96 MP: 22/22
 10618 | D:12     | Noticed Kirke
 10759 | Lair:1   | Entered Level 1 of the Lair of Beasts
 10771 | Lair:1   | Found a gate leading to a gauntlet.
 10785 | Gauntlet | Entered a Gauntlet
 10785 | Gauntlet | Found a transporter.
 10785 | Gauntlet | Found a transporter.
 10789 | Gauntlet | Found a transporter.
 10789 | Gauntlet | Found a transporter.
 10793 | Gauntlet | Found a transporter.
 10793 | Gauntlet | Found a transporter.
 10846 | Gauntlet | Found a runed translucent door.
 10846 | Gauntlet | Found a runed translucent door.
 10854 | Gauntlet | Found a transporter.
 10858 | Gauntlet | Found a transporter.
 10858 | Gauntlet | Found a transporter.
 10871 | Gauntlet | Found a transporter.
 10944 | Gauntlet | Noticed a balrug
 10947 | Gauntlet | Found a transporter.
 10947 | Gauntlet | Found a transporter.
 11005 | Gauntlet | Identified the +0 pair of boots "Olier" {Int+6 Slay+3}
 11069 | Gauntlet | Identified the +0 flail of the Establishment {antimagic,
                  | Drain rPois rC++ rN+++}
 11069 | Gauntlet | Identified the +4 scale mail of the Grand Dragon {rElec rF+
                  | Regen+ Str+3}
 11069 | Gauntlet | Noticed a minotaur
 11083 | Gauntlet | Killed a minotaur
 11084 | Gauntlet | Reached skill level 12 in Stealth
 11107 | Gauntlet | Got the Grimoire of Captivating Companions
 11134 | Lair:1   | Reached skill level 10 in Fighting
 11150 | Lair:1   | Noticed an eight-headed hydra
 11155 | Lair:1   | Killed an eight-headed hydra
 11175 | Lair:1   | Noticed Erica
 11186 | Lair:1   | Killed Erica
 11742 | Lair:1   | Found a blossoming altar of Fedhas.
 11750 | Lair:1   | Reached XP level 13. HP: 103/103 MP: 24/24
 12336 | Lair:2   | Found a runed translucent gate.
 12336 | Lair:2   | Found a runed translucent gate.
 12336 | Lair:2   | Found a runed translucent gate.
 12337 | Lair:2   | Noticed shugdite's ghost (journeyman MiFi)
 13197 | Lair:3   | Found a hole to the Spider Nest.
 13251 | Lair:3   | Found a burning altar of Makhleb.
 13994 | Spider:1 | Entered Level 1 of the Spider Nest
 13994 | Spider:1 | Noticed a broodmother
 14188 | Lair:4   | Reached skill level 10 in Short Blades
 14188 | Lair:4   | Reached skill level 10 in Dodging
 14188 | Lair:4   | Reached XP level 14. HP: 87/113 MP: 26/26
 14387 | Lair:4   | Found a staircase to the Swamp.
 14538 | Lair:4   | Reached skill level 13 in Stealth
 15186 | Lair:5   | Reached skill level 10 in Invocations
 15391 | Lair:5   | Found a radiant altar of Vehumet.
 15449 | Lair:5   | Found a frozen archway.
 15462 | IceCv    | Entered an ice cave
 15720 | Lair:5   | Found a large runed translucent door.
 15721 | Lair:5   | Found a large runed translucent door.
 15721 | Lair:5   | Noticed Manslay's ghost (journeyman OpCj)
 15952 | Lair:5   | Identified the +5 war axe "Qoyn Lyng" {flame, *Rage rPois
                  | rN+ Int+4}
 16262 | Lair:5   | Killed Manslay's ghost
 16332 | Lair:6   | Entered Level 6 of the Lair of Beasts
 16495 | Lair:6   | Reached XP level 15. HP: 78/120 MP: 28/28
 16790 | Lair:6   | Found a viscous altar of Jiyva.
 16790 | Lair:6   | Found a staircase to the Slime Pits.
 17494 | D:11     | Noticed a sphinx
 18271 | D:13     | Reached skill level 10 in Long Blades
 18271 | D:13     | Reached skill level 10 in Axes
 18271 | D:13     | Reached skill level 10 in Maces & Flails
 18271 | D:13     | Reached skill level 10 in Polearms
 18271 | D:13     | Reached skill level 10 in Staves
 18271 | D:13     | Reached skill level 10 in Slings
 18271 | D:13     | Reached skill level 10 in Bows
 18271 | D:13     | Reached skill level 10 in Crossbows
 18271 | D:13     | Reached skill level 10 in Throwing
 18271 | D:13     | Reached skill level 10 in Armour
 18271 | D:13     | Reached skill level 10 in Shields
 18271 | D:13     | Reached skill level 10 in Unarmed Combat
 18271 | D:13     | Reached skill level 10 in Spellcasting
 18271 | D:13     | Reached skill level 10 in Evocations
 18464 | D:13     | Found a stormy altar of Qazlal.
 18697 | D:13     | Learned a level 3 spell: Tukima's Dance
 18700 | D:13     | Learned a level 2 spell: Passwall
 18703 | D:13     | Learned a level 2 spell: Blink
 18708 | D:13     | Learned a level 4 spell: Summon Lightning Spire
 18823 | D:14     | Noticed a ghoul
 18847 | D:14     | Killed a ghoul
 19519 | D:14     | Found a gate to the Vaults.
 19774 | D:15     | Entered Level 15 of the Dungeon
 19990 | D:15     | Noticed Rupert
 20001 | D:15     | Killed Rupert
 20350 | D:15     | Reached skill level 14 in Stealth
 20356 | D:15     | Reached XP level 16. HP: 123/128 MP: 30/30
 20430 | D:15     | Found a staircase to the Depths.
 20833 | D:15     | Got the Volume of Ice and Summoning
 20941 | Depths:1 | Entered Level 1 of the Depths
 21058 | Orc:1    | Entered Level 1 of the Orcish Mines
 21347 | Orc:2    | Entered Level 2 of the Orcish Mines
 21375 | Orc:2    | Found a staircase to the Elven Halls.
 22188 | Orc:2    | Found Wotsef's General Store.
 22188 | Orc:2    | Found Begeh's Jewellery Shoppe.
 22189 | Orc:2    | Found Werurcha's General Store.
 22189 | Orc:2    | Found Rij Duim's Antique Armour Shop.
 22682 | D:11     | Killed Kirke
 22794 | Swamp:1  | Entered Level 1 of the Swamp
 22816 | Swamp:1  | Noticed Donald
 22842 | Swamp:1  | Noticed a thorn hunter
 22846 | Swamp:1  | Noticed a thorn hunter
 22847 | Swamp:1  | Found a runed translucent gate.
 22847 | Swamp:1  | Found a runed translucent gate.
 22847 | Swamp:1  | Found a runed translucent gate.
 22848 | Swamp:1  | Noticed a tentacled monstrosity
 22873 | Swamp:1  | Noticed Louise
 23167 | Swamp:1  | Killed Donald
 23225 | Swamp:1  | Killed Louise
 23288 | Swamp:1  | Noticed Gokhumny's ghost (adept GnFi)
 24358 | Swamp:3  | Reached XP level 17. HP: 126/136 MP: 32/32
 24949 | Swamp:4  | Entered Level 4 of the Swamp
 25013 | Swamp:4  | Paralysed by a fenstrider witch for 6 turns
 25018 | Swamp:4  | HP: 6/137 [spriggan druid/+0 quarterstaff (5)]
 25019 | Swamp:4  | Elyvilon protects you from harm!
 25019 | Swamp:4  | Elyvilon protects you from harm!
 25019 | Swamp:4  | Slain by a spriggan druid

Illustrated notes

Levels and vault maps discovered:
D:1:      minmay_arrival_shoal_huts, layout_basic,
          shapermc_ecumenical_altar_petra
D:2:      layout_rooms, kennysheep_crisscross, uniq_terence, uniq_jessica
D:3:      layout_loops_ring, uniq_natasha
D:4:      layout_basic
D:5:      layout_loops_cross, mainiacjoe_overflow_six_doors_small, serial_shops,
          nicolae_shop_waterfront, nicolae_figureground_pulse, uniq_grinder
D:6:      layout_basic, minmay_temple_entry_drinking_statues, serial_curves,
          eino_curves_03, eino_curves_01, amcnicky_mini_pool_small,
          minmay_between, uniq_eustachio
D:7:      layout_loops_ring, enter_ossuary_5, gammafunk_ghost_split
D:8:      layout_cave_pools, uniq_prince_ribbit1
D:9:      layout_loops_ring, lair_entry_dummy, kennysheep_generic_room_15
D:10:     layout_loops_cross, serial_bayou, serial_bayou_shore_a,
          serial_bayou_lake_a, serial_bayou_ford_a, serial_bayou_pond_d,
          uniq_maggie
D:11:     layout_loops_corners, ebering_ghost_reflecting_pool,
          grunt_ministairs_5, minmay_statue_crystal_thing
D:12:     layout_long_grid, hiddenorc2_lemuel, st_stairs_6, uniq_kirke
D:13:     layout_basic, nicolae_qazlal_style_of_elements
D:14:     minmay_general_purpose_star, layout_irregular_city, david_vaults_4,
          serial_undead, serial_undead_a, serial_undead_f, serial_undead_c,
          serial_undead_e, hangedman_decor_points
D:15:     grunt_enter_depths_hoard, layout_irregular_city, uniq_rupert
Lair:1:   layout_gridlike, gauntlet_entry_generic, st_stairs_9,
          hangedman_tree_tricks, wad_woods_river_01, uniq_erica
Lair:2:   layout_cave_pods, ebering_ghost_rock_garden, infiniplex_staircase_pool
Lair:3:   layout_roguey, spider_nest_entry_a, basic_altar, beast_lair_carwin_11
Lair:4:   layout_small_grid, swamp_mist_pool
Lair:5:   beast_lair_carwin_large_1, layout_cave_pods,
          ebering_ghost_disaster_area, portal_ice_cave_entry_ice_simulacra,
          st_stairs_6, lemuel_oklob_altar
Lair:6:   minmay_lair_end_frog_pond, layout_loops_ring, slime_altar_1,
          chequers_serial_rivers_micro_b, chequers_serial_rivers_large_a,
          chequers_serial_rivers_small_3
Swamp:1:  layout_basic_swamp, gammafunk_ghost_split,
          evilmike_swamp_ruin_house_1, uniq_louise, uniq_donald
Swamp:2:  layout_basic_swamp, evilmike_swamp_ruin_house_5
Swamp:3:  layout_basic_swamp, evilmike_swamp_ruin_rubble_1
Swamp:4:  swamp, layout_basic_swamp, swamp_pool1, nicolae_swamp_necromancer_hut
Spider:1: layout_spider_delve, uniq_azrael
Orc:1:    layout_diamond_mine
Orc:2:    st_orc_ogre_mass, layout_diamond_mine
Depths:1: layout_cave_shapes, hellmouth_2, ebering_ghost_reflecting_pool,
          hex_tiny, kennysheep_generic_room_14, serial_bayou_shore_b,
          minmay_shoptagon

Skill      XL: |  1  2  3  4  5  6  7  8  9 10 11 12 13 14 15 16 |
---------------+-------------------------------------------------+-----
Stealth        | 10 11 12 13 14 | 14.7
Long Blades    | 1 2 3 4 5 6 7 8 9 10 11 | 11.5
Axes           | 1 2 3 4 5 6 7 8 9 10 11 | 11.5
Maces & Flails | 1 2 3 4 5 6 7 8 9 10 11 | 11.5
Polearms       | 1 2 3 4 5 6 7 8 9 10 11 | 11.5
Staves         | 1 2 3 4 5 6 7 8 9 10 11 | 11.5
Slings         | 1 2 3 4 5 6 7 8 9 10 11 | 11.5
Bows           | 1 2 3 4 5 6 7 8 9 10 11 | 11.5
Crossbows      | 1 2 3 4 5 6 7 8 9 10 11 | 11.5
Throwing       | 1 2 3 4 5 6 7 8 9 10 11 | 11.5
Armour         | 1 2 3 4 5 6 7 8 9 10 11 | 11.5
Shields        | 1 2 3 4 5 6 7 8 9 10 11 | 11.5
Unarmed Combat | 1 2 3 4 5 6 7 8 9 10 11 | 11.5
Spellcasting   | 1 2 3 4 5 6 7 8 9 10 11 | 11.5
Conjurations   | 1 2 3 4 5 6 7 8 9 |  9.8
Hexes          | 1 2 3 4 5 6 7 8 9 |  9.8
Summonings     | 1 2 3 4 5 6 7 8 9 |  9.8
Necromancy     | 1 2 3 4 5 6 7 8 9 |  9.8
Translocations | 1 2 3 4 5 6 7 8 9 |  9.8
Transmutations | 1 2 3 4 5 6 7 8 9 |  9.8
Fire Magic     | 1 2 3 4 5 6 7 8 9 |  9.8
Ice Magic      | 1 2 3 4 5 6 7 8 9 |  9.8
Air Magic      | 1 2 3 4 5 6 7 8 9 |  9.8
Earth Magic    | 1 2 3 4 5 6 7 8 9 |  9.8
Poison Magic   | 1 2 3 4 5 6 7 8 9 |  9.8
Invocations    | 1 2 3 4 5 6 7 8 9 10 11 12 | 12.5
Evocations     | 1 2 3 4 5 6 7 8 9 10 11 | 11.5
Short Blades   | 5 6 7 8 9 10 11 12 | 12.4
Dodging        | 5 6 7 8 9 10 11 12 | 12.4
Fighting       | 7 8 9 10 11 12 13 | 13.2

Action                   |  1- 3 |  4- 6 |  7- 9 | 10-12 | 13-15 | 16-18 || total
-------------------------+-------+-------+-------+-------+-------+-------++-------
Melee: Short sword       |    18 |   198 |    40 |       |       |       ||   256
       Bite              |     1 |    24 |    36 |    72 |   150 |   115 ||   398
       Punch             |       |     3 |     8 |     4 |       |       ||    15
       Flail             |       |       |   195 |   444 |   883 |   662 ||  2184
       Unarmed           |       |       |       |     3 |     5 |       ||     8
Throw: Dart              |       |     2 |     4 |       |     7 |       ||    13
Invok: Purification      |       |       |     2 |       |       |       ||     2
       Heal Self         |       |       |       |       |       |     1 ||     1
Evoke: Wand              |     1 |       |     2 |     9 |     3 |       ||    15
       Tin of tremorston |       |       |       |       |     2 |     1 ||     3
       Phial of floods   |       |       |       |       |     1 |     1 ||     2
  Use: Potion            |     1 |       |     1 |     2 |     1 |     1 ||     6
       Scroll            |       |     3 |     8 |     8 |     9 |     4 ||    32
 Stab: Sleeping          |     2 |    21 |    29 |     9 |     3 |     2 ||    66
       Distracted        |       |       |     4 |    12 |    28 |    19 ||    63
       Invisible         |       |       |       |    10 |       |       ||    10
       Petrified         |       |       |       |       |     2 |       ||     2
Armor: Leather armour    |     3 |    33 |    52 |    18 |       |       ||   106
       Swamp dragon scal |       |       |       |   117 |   237 |   160 ||   514
       Skin              |       |       |       |     4 |       |       ||     4
Dodge: Dodged            |    10 |   111 |   210 |   134 |   224 |   129 ||   818
Block: Kite shield       |       |       |       |   496 |  1322 |   838 ||  2656
